 Dungeon Crawl Stone Soup version 0.31.0-11-ge490571c62 (webtiles) character file.

Game seed: 4236752623000535635

695 puppykicker the Conjurer (level 7, -2/46 HPs)
             Began as a Mummy Alchemist on Jan 29, 2024.
             Was a Follower of Makhleb.
             Slain by Menkaure (6 damage)
             ... on level 4 of the Dungeon.
             The game lasted 00:11:53 (3991 turns).

puppykicker the Conjurer (Mummy Alchemist)          Turns: 3991, Time: 00:11:53

Health: -2/46      AC:  3    Str: 11    XL:     7   Next: 37%
Magic:  12/12      EV: 12    Int: 17    God:    Makhleb [*.....]
Gold:   183        SH:  0    Dex: 18    Spells: 7/13 levels left

rFire   x . .        a - +3 flail of Jedeykyg {flame, rPois}
rCold   + . .        (no shield)
rNeg    + + +        l - +0 robe
rPois   ∞            j - +0 helmet
rElec   .            (no cloak)
rCorr   .            (no gloves)
SInv    .            (no boots)
Will    .....        c - amulet of magic regeneration
Stlth   ++           p - +6 ring of dexterity
HPRegen 0.27/turn    (no ring)
MPRegen 0.53/turn

%: faith
@: no status effects
A: cold resistance 1, negative energy resistance 3, torment resistance 2, heat
vulnerability 1, in touch with death 1, no potions, faith
a: Renounce Religion


You were on level 4 of the Dungeon.
You worshipped Makhleb.
Makhleb was aware of your devotion.
You visited 1 branch of the dungeon, and saw 5 of its levels.

You collected 183 gold pieces.

Inventory:

Hand Weapons
 a - the +3 flail of Jedeykyg (weapon) {flame, rPois}
   (You found it on level 3 of the Dungeon)

   rPois:     It protects you from poison
 b - a +2 dagger of venom
 d - a +0 whip of pain
Missiles
 g - 4 boomerangs (quivered)
 m - 2 poisoned darts
Armour
 j - a +0 helmet (worn)
 l - a +0 robe (worn)
 o - a +0 ring mail
Jewellery
 c - an amulet of magic regeneration (around neck)
 p - a +6 ring of dexterity (left hand)
Wands
 n - a wand of paralysis (5)
Scrolls
 e - a scroll of fear
 f - a scroll of fog
 h - a scroll of silence
 i - a scroll of identify
 k - a scroll of immolation {!r}
 q - a scroll of brand weapon {unknown}
 t - 3 scrolls of teleportation
 B - a scroll of blinking {!r}


   Skills:
 - Level 1.5 Dodging
 - Level 1.5 Stealth
 - Level 3.5 Spellcasting
 * Level 5.3 Conjurations
 + Level 1.8 Air Magic
 - Level 4.0 Alchemy


You had 7 spell levels left.
You knew the following spells:

 Your Spells              Type           Power      Damage    Failure   Level
a - Necrotise             Necr           16%        1d4       17%         1
g - Apportation           Tloc           4%         N/A       17%         1
s - Sting                 Conj/Alch      72%        1d7       2%          1
x - Mephitic Cloud        Conj/Alch/Air  15%        N/A       11%         3

Your spell library contained the following spells:

 Spells                   Type           Power      Damage    Failure   Level
 Mercury Vapours          Alch/Air       24%        N/A       8%          2
 Summon Small Mammal      Summ           8%         N/A       17%         1
 Olgreb's Toxic Radiance  Alch           16%        N/A       32%         4
 Call Canine Familiar     Summ           2%         N/A       45%         3
 Sigil of Binding         Hex            2%         N/A       45%         3
 Sticky Flame             Fire/Alch      9%         2d5       58%         4
 Dimensional Bullseye     Hex/Tloc       1%         N/A       86%         4


Dungeon Overview and Level Annotations

Branches:
Dungeon (5/15)
 Temple: D:4-7

Altars:
Dithmenos
Makhleb
Sif Muna

Annotations:
D:4 Menkaure


Innate Abilities, Weirdness & Mutations

You are immune to poison.
Your flesh is cold resistant. (rC+)
You are immune to negative energy. (rN+++)
You are immune to unholy pain and torment.
You are vulnerable to heat. (rF-)
You are in touch with the powers of death.
You do not drink.
You have a special connection with the divine. (Faith)


Message History

There is a stone staircase leading down here.
You take 14 damage, and have 27/46 hp.
MASSIVE DAMAGE!!
Menkaure hits you.
* * * LOW HITPOINT WARNING * * *
The adder bites you but does no damage.
You take 4 damage, and have 23/46 hp.
The adder bites you but does no damage.
Menkaure gestures wildly while chanting.
Menkaure seems to speed up.
You thump the adder! You burn the adder.
You kill the adder!
You sock Menkaure! You burn Menkaure.
Menkaure is heavily damaged.
Menkaure misses you.
You hit Menkaure. You burn Menkaure.
Menkaure is heavily damaged.
Menkaure hits you!
* * * LOW HITPOINT WARNING * * *
Menkaure hits you.
* * * LOW HITPOINT WARNING * * *
You take 19 damage, and have 6/46 hp.
MASSIVE DAMAGE!!
You can't drink.
Unknown command.
Aiming: Paralyse
Press: ? - help, Shift-Dir - straight line, f - Menkaure
Aim: Menkaure (heavily damaged, fast, chance to affect: 49%) Menkaure resists with some effort.
Menkaure barely misses you.
Aiming: Paralyse
Press: ? - help, Shift-Dir - straight line, f/p - Menkaure
Aim: Menkaure (heavily damaged, fast, chance to affect: 49%) Menkaure resists with some effort.
Menkaure closely misses you.
Aiming: Paralyse
Press: ? - help, Shift-Dir - straight line, f/p - Menkaure
Aim: Menkaure (heavily damaged, fast, chance to affect: 49%) Menkaure resists with some effort.
Menkaure hits you.
* * * LOW HITPOINT WARNING * * *
Menkaure hits you.
You die...

#.#######.#.#...##.### ###.# #.#
#..##........#### #.# #.#
#.#####.##.....[####.### ##.#
#..# #.##.#............ ...# #..#
#.......#.####.### ##.#
#..#######...<#.# #.##.
#.#######....(####....#.# #.##.
#...............##......# #.##.
##......##.##.#@###...### #....
###.####.#...#.#M# #...# #####.
..........)......# #...#####.....
.....#.#.....).#.###.........###.
.....#.#....#.>........[.........
.............................#...
.....####..##....)..............#
.....####..#####.###<).####....).
...........)))...# #........#####


You could see Menkaure (fast).

Levels and vault maps discovered:
D:1:      mrwooster_arrival_statue_2, layout_basic, minmay_misc_feat_five,
          corexii_leaking_fountain
D:2:      layout_loops_ring, uniq_robin
D:3:      layout_loops_ring, lightli_temple_of_fire,
          dreamdust_ecumenical_altar_statues, minmay_snake_closets, uniq_terence
D:4:      layout_loops_cross, nicolae_dithmenos_through_a_glass_darkly,
          kennysheep_orc_sif_temple
D:5:      layout_basic, amcnicky_altar_gilded, temple_doors_e,
          nicolae_nh_oracle_at_delphi, uniq_menkaure

Notes
Turn   | Place    | Note
-------+----------+-------------------------------------------
     0 | D:1      | puppykicker the Mummy Alchemist began the quest for the
                  | Orb.
     0 | D:1      | Reached XP level 1. HP: 13/13 MP: 4/4
     6 | D:1      | Identified a +0 whip of pain
    22 | D:1      | Identified an amulet of magic regeneration
   224 | D:1      | Reached skill level 1 in Conjurations
   480 | D:1      | Reached XP level 2. HP: 16/19 MP: 1/5
   600 | D:1      | Identified a +0 short sword
   610 | D:1      | Reached skill level 3 in Spellcasting
   626 | D:1      | Identified a +0 robe
   646 | D:1      | Identified a +0 whip
   886 | D:2      | Noticed a scorpion
  1000 | D:2      | Killed a scorpion
  1001 | D:2      | Reached skill level 2 in Conjurations
  1001 | D:2      | Reached skill level 3 in Alchemy
  1001 | D:2      | Reached XP level 3. HP: 17/24 MP: 5/8
  1001 | D:2      | Reached XP level 4. HP: 21/30 MP: 5/9
  1075 | D:2      | Identified a +0 war axe
  1083 | D:2      | Identified a +0 whip
  1211 | D:2      | Identified a +0 club
  1264 | D:2      | Identified a +0 club
  1266 | D:2      | Identified a +0 club
  1266 | D:2      | Identified a +0 dagger
  1267 | D:2      | Identified a +0 club
  1322 | D:2      | Identified a +0 club
  1322 | D:2      | Identified a +0 sling
  1322 | D:2      | Identified a +0 dagger
  1322 | D:2      | Identified a +0 club
  1322 | D:2      | Identified a +0 animal skin
  1322 | D:2      | Identified a +0 helmet
  1322 | D:2      | Noticed Robin
  1336 | D:2      | Killed Robin
  1510 | D:2      | Identified a +0 dagger
  1530 | D:2      | Identified a +0 chain mail
  1541 | D:2      | Identified a +0 whip
  1584 | D:2      | Identified a +0 barding
  1667 | D:2      | Identified a +0 chain mail
  1741 | D:3      | Identified a +0 hand axe
  1741 | D:3      | Identified a +0 ring mail
  1863 | D:3      | Identified the +3 flail of Jedeykyg {flame, rPois}
  1960 | D:3      | Reached skill level 3 in Conjurations
  1960 | D:3      | Reached XP level 5. HP: 32/35 MP: 10/10
  2117 | D:3      | Identified a +0 short sword
  2117 | D:3      | Identified a +0 scale mail
  2117 | D:3      | Noticed Terence
  2133 | D:3      | Identified a +0 dagger
  2136 | D:3      | Killed Terence
  2227 | D:3      | Identified a +0 mace
  2227 | D:3      | Identified a +0 dagger
  2227 | D:3      | Identified a +0 robe
  2228 | D:3      | Identified a +0 short sword
  2228 | D:3      | Identified a +0 robe
  2229 | D:3      | Identified a +0 whip
  2229 | D:3      | Identified a +0 ring mail
  2230 | D:3      | Found a faded altar of an unknown god.
  2244 | D:3      | Reached XP level 6. HP: 31/41 MP: 7/11
  2338 | D:3      | Identified a +0 whip
  2390 | D:3      | Identified a +0 whip
  2390 | D:3      | Identified a +0 dagger
  2390 | D:3      | Identified a +0 robe
  2390 | D:3      | Identified a +0 club
  2394 | D:3      | Identified a +0 dagger
  2394 | D:3      | Identified a +0 robe
  2397 | D:3      | Reached skill level 4 in Conjurations
  2407 | D:3      | HP: 9/41 [orc wizard/puff of flame (12)]
  2638 | D:3      | Identified a +0 robe
  2668 | D:3      | Found a burning altar of Makhleb.
  2763 | D:3      | Became a worshipper of Makhleb the Destroyer
  2830 | D:3      | Learned a level 3 spell: Mephitic Cloud
  2879 | D:3      | Identified a +0 robe
  3001 | D:4      | Identified a +0 flail
  3001 | D:4      | Identified a +0 ring mail
  3001 | D:4      | Identified a +0 dagger
  3001 | D:4      | Identified a +0 robe
  3002 | D:4      | Identified a +0 short sword
  3002 | D:4      | Identified a +0 ring mail
  3002 | D:4      | Identified a +0 dagger
  3002 | D:4      | Identified a +0 robe
  3002 | D:4      | Identified a +0 mace
  3012 | D:4      | Reached skill level 4 in Alchemy
  3091 | D:4      | Identified a +0 dagger
  3150 | D:4      | Reached skill level 1 in Air Magic
  3164 | D:4      | Identified 6 scrolls of identify
  3164 | D:4      | Identified a scroll of immolation
  3165 | D:4      | Identified a scroll of silence
  3166 | D:4      | Identified a scroll of blinking
  3167 | D:4      | Identified a scroll of fog
  3168 | D:4      | Identified 3 scrolls of teleportation
  3169 | D:4      | Identified a scroll of fear
  3232 | D:4      | Learned a level 1 spell: Necrotise
  3234 | D:4      | Learned a level 1 spell: Apportation
  3253 | D:4      | Identified a +0 ring mail
  3266 | D:4      | Identified a +0 dagger
  3268 | D:4      | Identified a +0 falchion
  3271 | D:4      | Noticed an ice beast
  3284 | D:4      | Killed an ice beast
  3285 | D:4      | Reached skill level 5 in Conjurations
  3285 | D:4      | Reached XP level 7. HP: 31/46 MP: 12/12
  3317 | D:4      | Identified a +2 dagger of venom
  3317 | D:4      | Identified a +0 robe
  3377 | D:4      | Identified a +0 whip
  3378 | D:4      | Reached * piety under Makhleb
  3437 | D:4      | Identified a +0 dagger
  3437 | D:4      | Identified a +0 robe
  3438 | D:4      | Identified a +0 whip
  3438 | D:4      | Identified a +0 club
  3439 | D:4      | Identified a +0 flail
  3467 | D:4      | Found a shadowy altar of Dithmenos.
  3558 | D:4      | Identified a +0 club
  3558 | D:4      | Identified a +6 ring of dexterity
  3632 | D:4      | Identified a +0 falchion
  3793 | D:4      | Identified a +2 dagger of flaming
  3793 | D:4      | Identified a +0 robe
  3794 | D:4      | Found a shimmering blue altar of Sif Muna.
  3971 | D:5      | Entered Level 5 of the Dungeon
  3971 | D:5      | Noticed Menkaure
  3973 | D:5      | Identified a +0 hand axe
  3973 | D:5      | Identified a +0 dagger
  3974 | D:5      | Identified a +1 dagger of freezing
  3974 | D:5      | Identified a +0 robe
  3988 | D:4      | HP: 10/46 [Menkaure (15)]
  3991 | D:4      | HP: 4/46 [Menkaure (3)]
  3991 | D:4      | Slain by Menkaure

Table legend: (Time is in decaauts)
 A = Elapsed time spent in this place.
 B = Non-inter-level travel time spent in this place.
 C = Inter-level travel time spent in this place.
 D = Time resting spent in this place.
 E = Time spent auto-exploring this place.
 F = Levels seen in this place.
 G = Mean time per level.
                   A        B        C        D        E       F      G
               +--------+--------+--------+--------+--------+-----+--------+
         Total |   4025 |   3842 |    183 |    937 |   2081 |   5 |  805.0 |
       Dungeon |   4025 |   3842 |    183 |    937 |   2081 |   5 |  805.0 |
               +--------+--------+--------+--------+--------+-----+--------+

Top non-repeatable levels by time:
     D:3: 1268 daAuts
     D:4: 1007 daAuts
     D:2: 939 daAuts
     D:1: 801 daAuts
     D:5: 9 daAuts

Table legend:
 A = Kills in this place as a percentage of kills in the entire game.
 B = Kills by you in this place as a percentage of kills by you in the entire game.
 C = Kills by friends in this place as a percentage of kills by friends in the entire game.
 D = Other kills in this place as a percentage of other kills in the entire game.
 E = Experience gained in this place as a percentage of experience gained in the entire game.
 F = Experience gained in this place divided by the number of levels of this place that you have seen.
                   A       B       C       D       E      F
               +-------+-------+-------+-------+-------+----------------------
         Total | 100.0 | 100.0 |   N/A | 100.0 | 100.0 | 198.8
       Dungeon | 100.0 | 100.0 |   N/A | 100.0 | 100.0 | 198.8
               +-------+-------+-------+-------+-------+----------------------

Skill      XL: |  1  2  3  4  5  6 |
---------------+-------------------+-----
Conjurations   | 1 2 3 5 |  5.3
Spellcasting   | 3 |  3.5
Alchemy        | 3 4 |  4.0
Air Magic      | 1 |  1.8
Dodging        | |  1.5
Stealth        | |  1.5

Action                     |  1- 3 |  4- 6 |  7- 9 || total
---------------------------+-------+-------+-------++-------
  Melee: Whip              |     2 |     3 |       ||     5
         Flail             |       |    59 |    19 ||    78
         Punch             |       |     1 |       ||     1
   Cast: Sting             |    38 |   122 |    20 ||   180
         Necrotise         |       |       |    28 ||    28
  Evoke: Wand              |       |       |     3 ||     3
    Use: Scroll            |       |     6 |       ||     6
   Stab: Sleeping          |       |     3 |       ||     3
 Armour: Robe              |    12 |    82 |    45 ||   139
  Dodge: Dodged            |    14 |    58 |    18 ||    90

Vanquished Creatures
  An ice beast (D:4)
  2 scorpions
  A bombardier beetle (D:3)
  An orc priest (D:3)
  Terence (D:3)
  8 orc wizards
  Robin (D:2)
  9 adders
  A ribbon worm (D:2)
  A dart slug (D:1)
  14 orcs
  7 ball pythons
  3 endoplasms
  2 giant cockroaches
  7 goblins (D:2)
  8 hobgoblins
  7 kobolds
  7 quokkas
  A bat (D:1)
  3 frilled lizards
  2 rats
87 creatures vanquished.

Vanquished Creatures (others)
  An orc wizard (D:4)
1 creature vanquished.

Grand Total: 88 creatures vanquished
